 Dungeon Crawl Stone Soup version 0.29-a0-234-g0dae59b3db (webtiles) character file.

Game seed: 3335659211219369832

40 sammy202020 the Skirmisher (level 3, -3/24 HPs)
             Began as a Gargoyle Fighter on Mar 3, 2022.
             Slain by an adder (4 damage)
             ... on level 2 of the Dungeon.
             The game lasted 00:01:57 (1135 turns).

sammy202020 the Skirmisher (Gargoyle Fighter)       Turns: 1135, Time: 00:01:58

Health: -3/24      AC: 10    Str: 19    XL:     3   Next: 50%
Magic:  3/3        EV:  9    Int: 10    God:
Gold:   29         SH:  4    Dex:  9    Spells: 2/2 levels left

rFire   . . .      SeeInvis .   a - +0 flail
rCold   . . .      Faith    .   c - +0 buckler
rNeg    + . .      Spirit   .   b - +0 scale mail
rPois   ∞          Reflect  .   (no helmet)
rElec   +          Harm     .   (no cloak)
rCorr   .          Rampage  .   (no gloves)
Will    .....                   (no boots)
Stlth   ..........              (no amulet)
HPRegen 0.08/turn               (no ring)
MPRegen 0.08/turn               (no ring)

@: mighty
A: sickness immunity, AC +3, negative energy resistance 1, electricity
resistance, torment resistance 1, petrification resistance
a: no special abilities


You were on level 2 of the Dungeon.
You visited 1 branch of the dungeon, and saw 2 of its levels.

You collected 29 gold pieces.

Inventory:

Hand Weapons
 a - a +0 flail (weapon)
Missiles
 f - 3 atropa-tipped darts (quivered)
Armour
 b - a +0 scale mail (worn)
 c - a +0 buckler (worn)
Scrolls
 g - a scroll of fog {unknown}
 i - 3 scrolls of identify {unknown}
 j - 2 scrolls of fear {unknown}
 l - a scroll of enchant weapon {unknown}
 m - a scroll of torment {unknown}
 n - a scroll of immolation {unknown}
Potions
 e - a potion of curing {unknown}
 h - a potion of attraction {unknown}
 k - a potion of haste {unknown}


   Skills:
 * Level 3.7 Fighting
 * Level 2.4 Maces & Flails
 * Level 3.6 Armour
 + Level 0.4 Dodging
 * Level 3.7 Shields


You had 2 spell levels left.
You didn't know any spells.
Your spell library contained the following spells:

 Spells                   Type           Power      Damage    Failure   Level
 Magic Dart               Conj           0%         1d3       82%         1
 Call Imp                 Summ           0%         N/A       91%         2
 Static Discharge         Conj/Air       0%         N/A       91%         2
 Mephitic Cloud           Conj/Pois/Air  0%         N/A       99%         3
 Lightning Bolt           Conj/Air       0%         1d11      100%        5
 Maxwell's Capacitive Co  Air            0%         ∞         100%        8


Dungeon Overview and Level Annotations

Branches:
Dungeon (2/15)

Altars:
Ru

Annotations:
D:2 Robin, Terence


Innate Abilities, Weirdness & Mutations

You are immune to sickness and miasma.
Your stone body is resilient. (AC +3)
You are immune to poison.
You resist negative energy. (rN+)
You are resistant to electric shocks. (rElec)
You are resistant to unholy torment.
You are immune to petrification.


Message History

A goblin comes into view. It is wielding a +0 club.
The adder barely misses you.
The quokka bites you but does no damage.
You thump the quokka!
You kill the quokka!
The goblin no longer looks unusually strong.
The adder bites you but does no damage.
A goblin comes into view. It is wielding a +0 club.
You completely miss the adder.
The adder is almost dead.
The goblin no longer looks unusually strong.
The adder bites you but does no damage. Robin throws the goblin at you!
The goblin hits you but does no damage. The adder bites you but does no damage.
A hobgoblin comes into view.
The hobgoblin shouts!
You hit the adder.
The adder is almost dead.
The goblin no longer looks unusually strong.
The adder bites you but does no damage. The goblin hits you with a +0 club.
* * * LOW HITPOINT WARNING * * *
A hobgoblin comes into view.
The adder bites you but does no damage.
You closely miss the goblin. You block the goblin's attack.
The adder bites you.
* * * LOW HITPOINT WARNING * * *
Terence shouts, "ATTACK!!!"
A goblin comes into view. It is wielding a +0 club.
The goblin barely misses you.
You barely miss the goblin.
The goblin no longer looks unusually strong.
The adder bites you.
* * * LOW HITPOINT WARNING * * *
Terence says, "How do you enjoy it?" The adder bites you.
* * * LOW HITPOINT WARNING * * *
The goblin hits you but does no damage.
A goblin comes into view. It is wielding a +0 dagger.
You feel very mighty all of a sudden. The adder bites you.
You die...

#.# #######.# #.......#
#.#####.# #.# #.# #.#
#.. #.# ###..
####.###########.# #....
......g@Sgggg....###....
####.#####@gg###........
#..g##.........
#...##.........
###g..##....###.#
#.).........###.#
#.#.......#.....#
.g................
.............#......


You could see Terence, an adder, 2 hobgoblins and 6 goblins.

Vanquished Creatures
  An adder (D:2)
  A worm (D:2)
  A dart slug (D:1)
  2 endoplasms (D:1)
  3 giant cockroaches (D:1)
  4 goblins (D:1)
  A hobgoblin (D:1)
  3 kobolds
  2 quokkas
  2 ball pythons (D:1)
  2 bats (D:1)
  2 frilled lizards
  A rat (D:1)
25 creatures vanquished.

Notes
Turn   | Place    | Note
-------+----------+-------------------------------------------
     0 | D:1      | sammy202020 the Gargoyle Fighter began the quest for the
                  | Orb.
     0 | D:1      | Reached XP level 1. HP: 14/14 MP: 1/1
   255 | D:1      | Reached XP level 2. HP: 19/19 MP: 2/2
   930 | D:1      | Reached XP level 3. HP: 23/23 MP: 3/3
  1105 | D:2      | Noticed Terence
  1106 | D:2      | Found a sacrificial altar of Ru.
  1113 | D:2      | Noticed Robin
  1134 | D:2      | HP: 1/24 [adder (1)]
  1135 | D:2      | Slain by an adder

Illustrated notes

Levels and vault maps discovered:
D:1:      eino_arrival_tree_alley, layout_basic
D:2:      minmay_alternating_diamond, layout_basic, basic_altar, st_stairs_3,
          uniq_terence, uniq_robin

Action                   || total
-------------------------++-------
Melee: Flail             ||    80
  Use: Potion            ||     1
Armor: Scale mail        ||    75
Dodge: Dodged            ||    41
Block: Buckler           ||    21

Table legend: (Time is in decaauts)
 A = Elapsed time spent in this place.
 B = Non-inter-level travel time spent in this place.
 C = Inter-level travel time spent in this place.
 D = Time resting spent in this place.
 E = Time spent auto-exploring this place.
 F = Levels seen in this place.
 G = Mean time per level.
                   A        B        C        D        E       F      G
               +--------+--------+--------+--------+--------+-----+--------+
         Total |   1160 |   1146 |     14 |      0 |    908 |   2 |  580.0 |
       Dungeon |   1160 |   1146 |     14 |      0 |    908 |   2 |  580.0 |
               +--------+--------+--------+--------+--------+-----+--------+

Top non-repeatable levels by time:
     D:1: 1049 daAuts
     D:2: 111 daAuts
